 Dungeon Crawl Stone Soup version 0.29-a0-676-ga64570c9d2 (webtiles) character file.

Game seed: 16202775206767809055

1908 Zonian the Sneak (level 9, -10/39 HPs)
             Began as a Vine Stalker Ice Elementalist on June 24, 2022.
             Was an Initiate of Ashenzari.
             Mangled by a kobold brigand
             ... wielding the +7 rapier of the Histrionic God {distort, rC+ Str+2 Int+4 Dex-3}
              (18 damage)
             ... on level 6 of the Dungeon.
             The game lasted 00:21:56 (8831 turns).

Zonian the Sneak (Vine Stalker Ice Elementalist)    Turns: 8831, Time: 00:22:04

Health: -10/39     AC:  5    Str: 11    XL:     9   Next: 16%
Magic:  0/19       EV: 15    Int: 15    God:    Ashenzari [......]
Gold:   398        SH:  0    Dex: 19    Spells: 13/20 levels left

rFire   . . .      SeeInvis .   B - +3 dagger (speed)
rCold   . . .      Faith    .   (no shield)
rNeg    . . .      Spirit   +   a - +0 robe
rPois   .          Reflect  .   u - +0 helmet
rElec   .          Harm     .   (no cloak)
rCorr   +          Rampage  .   (no gloves)
Will    +....                   n - +1 pair of boots
Stlth   ++++......              l - amulet of regeneration
HPRegen 1.73/turn               s - ring of resist corrosion
MPRegen 0.16/turn               (no ring)

@: no status effects
A: fangs 3, regeneration 1, magic shield, antimagic bite, no potion heal 2
a: Renounce Religion


You were on level 6 of the Dungeon.
You worshipped Ashenzari.
Ashenzari was noncommittal.
You visited 2 branches of the dungeon, and saw 7 of its levels.

You collected 398 gold pieces.

Inventory:

Hand Weapons
 b - a +0 dagger
 c - a +2 dagger of venom
 f - a +1 dagger of venom
 j - a +3 hunting sling
 k - a +0 dagger of speed
 q - a +0 falchion
 w - a +2 rapier of distortion
 y - a +0 rapier
 B - a +3 dagger of speed (weapon)
Missiles
 d - 11 javelins
 z - 8 boomerangs
 H - 4 curare-tipped darts
 I - a throwing net
Armour
 a - a +0 robe (worn)
 n - a +1 pair of boots (worn)
 p - a +2 ring mail of cold resistance
 u - a +0 helmet (worn)
 v - a +0 buckler
Jewellery
 l - an amulet of regeneration (around neck)
 s - a ring of resist corrosion (left hand)
 C - a ring of poison resistance
Wands
 g - a wand of polymorph (5)
Scrolls
 G - a scroll of acquirement {unknown}
Potions
 e - 4 potions of curing
 h - a potion of ambrosia
 i - a potion of heal wounds
 m - a potion of cancellation
 o - a potion of invisibility {unknown}
 r - a potion of lignification {unknown}
 t - a potion of resistance {unknown}
 x - a potion of might {unknown}
 A - a potion of magic
 D - a potion of attraction {unknown}
 E - a potion of haste {unknown}
 F - a potion of brilliance {unknown}


   Skills:
 + Level 1.1 Short Blades
 + Level 5.0 Dodging
 + Level 7.9 Stealth
 + Level 6.1 Spellcasting
 + Level 7.0 Ice Magic


You had 13 spell levels left.
You knew the following spells:

 Your Spells              Type           Power      Damage    Failure   Level
a - Freeze                Ice            100%       1d11      1%          1
b - Frozen Ramparts       Ice            50%        1d7       2%          3
c - Ozocubu's Armour      Ice            25%        N/A       2%          3

Your spell library contained the following spells:

 Spells                   Type           Power      Damage    Failure   Level
 Magic Dart               Conj           16%        1d3       14%         1
 Scorch                   Fire           8%         2d5       22%         2
 Searing Ray              Conj           8%         2d4       22%         2
 Static Discharge         Conj/Air       4%         N/A       22%         2
 Hailstorm                Conj/Ice       15%        3d5       34%         4
 Dispel Undead            Necr           4%         3d7       82%         4
 Flame Wave               Conj/Fire      4%         2d5       82%         4
 Fulminant Prism          Conj/Hex       2%         3d6       82%         4
 Sticky Flame             Conj/Fire      4%         2d3       82%         4
 Summon Cactus Giant      Summ           2%         N/A       100%        6


Dungeon Overview and Level Annotations

Branches:
Dungeon (6/15)             Temple (1/1) D:6

Altars:
Ashenzari
Cheibriados
Elyvilon
Fedhas
Gozag
Kikubaaqudgha
Nemelex Xobeh
Okawaru
Qazlal
Ru
Sif Muna
Trog
Uskayaw
Xom
Yredelemnul
Zin
The Shining One
Lugonu

Portals:
Abyss: D:6


Innate Abilities, Weirdness & Mutations

You have razor-sharp teeth.
Your natural rate of healing is unusually fast.
When hurt, damage is shared between your health and your magic reserves.
Your bite disrupts and absorbs the magic of your enemies.
Potions cannot restore your health.


Message History

The kobold brigand throws a poisoned dart.
The poisoned dart hits you.
You are poisoned.
You feel sick.
You feel sick. The kobold brigand barely misses you.
You barely miss the kobold brigand. The kobold brigand misses you.
You closely miss the kobold brigand. Your bite misses the kobold brigand.
You feel sick.
You barely miss the kobold brigand. You bite the kobold brigand.
You drain its power.
The kobold brigand is lightly wounded.
The kobold brigand hits you with the +7 rapier of the Histrionic God {distort, rC+ Str+2 Int+4 Dex-3}.
Space warps horribly around you!
You hit the kobold brigand. You bite the kobold brigand. You drain its power.
You feel invigorated.
The kobold brigand is heavily wounded.
You feel sick.
You hit the kobold brigand but do no damage.
You bite the kobold brigand! You drain its power.
You feel invigorated.
The kobold brigand is almost dead.
You feel sick.
You are no longer poisoned.
The kobold brigand misses you.
You completely miss the kobold brigand. Your bite misses the kobold brigand.
The kobold brigand is almost dead.
The kobold brigand hits you with the +7 rapier of the Histrionic God {distort, rC+ Str+2 Int+4 Dex-3}!
Space warps around you.
You barely miss the kobold brigand. Your bite misses the kobold brigand.
The kobold brigand is almost dead.
You hit the kobold brigand.
You bite the kobold brigand, but do no damage.
The kobold brigand is almost dead.
The kobold brigand hits you with the +7 rapier of the Histrionic God {distort, rC+ Str+2 Int+4 Dex-3}!
Space warps around you.
You closely miss the kobold brigand.
The kobold brigand is almost dead.
The kobold brigand hits you with the +7 rapier of the Histrionic God {distort, rC+ Str+2 Int+4 Dex-3}!
* * * LOW HITPOINT WARNING * * *
Space warps horribly around you!!
You die...

#.# #.# ##### ##.......## #.
..#####.### #$.?# #.........####.
..........##..∩§.##.<..).........
..#.###.#####.K§###.........###..
#>#.# #.######§#####.......## ##.
#.#.# #...##.§§§§####.....## ##
..#.# #####..§§§§§§.##...## #
###.# #####§§§_K§§####'## # ###.#
#..#.§§..@...#...# # ....#
#.####.#..######.## # #####
#.##.###..######..# # #
#.##...#')#.......######## #
#.####......##.....##..... # #.#
#.#####.#.........### # #.####.#
##....####.## #......# ####.# ###
######## #)#


You could see a kobold brigand.

Vanquished Creatures
  Eustachio (D:5)
  A swamp drake (D:5)
  2 black bears (D:5)
  4 ice beasts
  3 ogres
  A phantom (D:6)
  A centaur (D:6)
  A kobold brigand (D:6)
  2 scorpions (D:5)
  A gnoll shaman (D:5)
  2 hounds
  2 orc priests
  A jelly (D:4)
  3 orc wizards
  8 adders
  6 gnolls (D:6)
  A shadow imp (D:6)
  2 white imps (D:6)
  3 ufetubi
  2 worms
  3 dart slugs
  15 orcs
  2 endoplasms (D:1)
  6 giant cockroaches
  10 goblins
  10 hobgoblins
  2 jackals (D:1)
  13 kobolds
  3 quokkas
  6 ball pythons
  5 bats
  5 frilled lizards
  2 rats
129 creatures vanquished.

Notes
Turn   | Place    | Note
-------+----------+-------------------------------------------
     0 | D:1      | Zonian the Vine Stalker Ice Elementalist began the quest
                  | for the Orb.
     0 | D:1      | Reached XP level 1. HP: 9/9 MP: 4/4
   477 | D:1      | Reached XP level 2. HP: 13/13 MP: 6/6
   885 | D:1      | Reached XP level 3. HP: 11/16 MP: 5/7
  1757 | D:2      | Found a faded altar of an unknown god.
  2169 | D:3      | Gained mutation: Your natural rate of healing is unusually
                  | fast. [Vine Stalker growth]
  2169 | D:3      | Reached XP level 4. HP: 8/21 MP: 7/9
  2981 | D:4      | Reached XP level 5. HP: 8/24 MP: 1/10
  3227 | D:4      | Learned a level 3 spell: Frozen Ramparts
  3231 | D:4      | Learned a level 3 spell: Ozocubu's Armour
  3834 | D:4      | Reached XP level 6. HP: 27/28 MP: 7/12
  4158 | D:5      | Entered Level 5 of the Dungeon
  4180 | D:5      | Reached skill level 5 in Ice Magic
  4551 | D:5      | Noticed a black bear
  4561 | D:5      | Noticed a swamp drake
  4561 | D:5      | a gnoll sergeant changed into a swamp drake
  4572 | D:5      | Killed a black bear
  4573 | D:5      | Reached skill level 5 in Stealth
  4577 | D:5      | Killed a swamp drake
  4578 | D:5      | Reached XP level 7. HP: 13/32 MP: 2/14
  5358 | D:5      | Gained mutation: You have razor-sharp teeth. [Vine Stalker
                  | growth]
  5358 | D:5      | Reached XP level 8. HP: 35/36 MP: 16/16
  5537 | D:5      | Noticed Eustachio
  5801 | D:5      | Killed Eustachio
  5802 | D:5      | Reached skill level 5 in Spellcasting
  6566 | D:6      | Found a one-way gate to the infinite horrors of the Abyss.
  6566 | D:6      | Identified the +7 rapier of the Histrionic God {distort,
                  | rC+ Str+2 Int+4 Dex-3}
  6608 | D:6      | Found a sparkling altar of Nemelex Xobeh.
  6665 | D:6      | Found a large runed translucent door.
  6665 | D:6      | Found a large runed translucent door.
  6669 | D:6      | Found a corrupted altar of Lugonu.
  7360 | D:6      | Found a staircase to the Ecumenical Temple.
  7369 | Temple   | Entered the Ecumenical Temple
  7630 | Temple   | Became a worshipper of Ashenzari the Shackled
  7687 | D:6      | Reached XP level 9. HP: 39/39 MP: 18/18
  7912 | D:6      | Reached skill level 5 in Dodging
  8406 | D:6      | Found a blossoming altar of Fedhas.
  8407 | D:6      | Found a glowing silver altar of Zin.
  8799 | D:6      | Reached skill level 1 in Short Blades
  8831 | D:6      | Mangled by a kobold brigand

Illustrated notes

Levels and vault maps discovered:
D:1:      minmay_arrival_stair_chambers, layout_loops_ring
D:2:      layout_basic, hellmonk_ecumenical_altar_crossroads
D:3:      layout_loops_ring
D:4:      layout_cave_pods, grunt_ministairs_13
D:5:      layout_gridville, minmay_diced_spiral, uniq_eustachio
D:6:      due_chaos_kobolds, layout_loops_corners,
          nemelex_xobeh_ov_fountains_minmay, gammafunk_temple_overflow_statue,
          minmay_temple_entry_antechambers, minmay_alternating_orb
Temple:   dpeg_chambers_temple

Skill      XL: |  1  2  3  4  5  6  7  8  9 |
---------------+----------------------------+-----
Stealth        | 3 4 5 6 7 |  7.9
Dodging        | 2 3 4 5 |  5.0
Spellcasting   | 3 4 5 6 |  6.1
Ice Magic      | 5 6 7 |  7.0
Short Blades   | 1 |  1.1

Action                   |  1- 3 |  4- 6 |  7- 9 || total
-------------------------+-------+-------+-------++-------
Melee: Unarmed           |     6 |       |       ||     6
       Dagger            |    76 |   112 |   231 ||   419
       Bite              |    17 |    31 |    82 ||   130
       Punch             |       |     2 |     3 ||     5
 Fire: Hunting sling     |       |     4 |     2 ||     6
Throw: Dart              |       |       |     2 ||     2
 Cast: Freeze            |     6 |     4 |    20 ||    30
       Frozen Ramparts   |       |       |     4 ||     4
       Ozocubu's Armour  |       |       |     1 ||     1
Evoke: Wand              |       |     5 |     3 ||     8
  Use: Potion            |     1 |     4 |       ||     5
       Scroll            |       |    14 |     4 ||    18
 Stab: Sleeping          |    11 |     5 |     4 ||    20
       Distracted        |       |       |     1 ||     1
Armor: Robe              |    13 |    16 |    42 ||    71
Dodge: Dodged            |    47 |    71 |   121 ||   239

Table legend: (Time is in decaauts)
 A = Elapsed time spent in this place.
 B = Non-inter-level travel time spent in this place.
 C = Inter-level travel time spent in this place.
 D = Time resting spent in this place.
 E = Time spent auto-exploring this place.
 F = Levels seen in this place.
 G = Mean time per level.
                   A        B        C        D        E       F      G
               +--------+--------+--------+--------+--------+-----+--------+
         Total |   8737 |   8544 |    193 |   3029 |   3641 |   7 | 1248.1 |
       Dungeon |   8467 |   8282 |    185 |   3029 |   3450 |   6 | 1411.2 |
        Temple |    269 |    261 |      8 |      0 |    191 |   1 |  269.0 |
               +--------+--------+--------+--------+--------+-----+--------+

Top non-repeatable levels by time:
     D:6: 2045 daAuts
     D:5: 2040 daAuts
     D:4: 1443 daAuts
     D:1: 1317 daAuts
     D:2: 819 daAuts
     D:3: 802 daAuts
  Temple: 269 daAuts
